 Dungeon Crawl Stone Soup version 0.30.1-9-gdf580d7c3d (webtiles) character file.

Game seed: 11853955088765497144

4452 lonewolfV2 the Cleaver (level 10, -12/79 HPs)
             Began as a Formicid Fighter on Oct 9, 2023.
             Mangled by a skeletal warrior
             ... wielding a +2 dire flail of protection
              (23 damage)
             ... on level 7 of the Dungeon.
             The game lasted 00:14:59 (6985 turns).

lonewolfV2 the Cleaver (Formicid Fighter)           Turns: 6985, Time: 00:15:00

Health: -12/79     AC: 21    Str: 28    XL:     10   Next: 63%
Magic:  10/10      EV: 16    Int:  9    God:
Gold:   274        SH:  6    Dex: 12    Spells: 9/9 levels left

rFire   . . .        a - +1 war axe (vamp)
rCold   + + +        c - +1 buckler
rNeg    . . .        i - +10 ice dragon scales of Taxy {rF- rC++ Str+6 Dex-3}
rPois   +            (helmet unavailable)
rElec   +            (no cloak)
rCorr   +            (no gloves)
SInv    +            (no boots)
Will    +....        (no amulet) Stlth
                     m - +5 ring of evasion
HPRegen 0.33/turn    v - +4 ring of slaying
MPRegen 0.12/turn

%: no passive effects
@: mighty, resistant
A: permanent stasis, dig shafts and tunnels, antennae 3, four strong arms
a: Dig, Shaft Self


You were on level 7 of the Dungeon.
You visited 1 branch of the dungeon, and saw 7 of its levels.
You also visited: Ossuary.

You collected 274 gold pieces.

Inventory:

Hand Weapons
 a - a +1 vampiric war axe (weapon)
Missiles
 t - 2 throwing nets
Armour
 b - a +0 scale mail
 c - a +1 buckler (worn)
 i - the +10 ice dragon scales of Taxy (worn) {rF- rC++ Str+6 Dex-3}
   (You acquired it on level 5 of the Dungeon)

   Str:       It affects your strength (+6).
   Dex:       It affects your dexterity (-3).
   rF:        It makes you vulnerable to fire.
   rC:        It greatly protects you from cold.
Jewellery
 k - a ring of poison resistance
 m - a +5 ring of evasion (left hand)
 o - a ring of flight
 v - a +4 ring of slaying (right hand)
Scrolls
 f - 2 scrolls of torment
 l - 3 scrolls of teleportation
 s - a scroll of brand weapon
 w - 3 scrolls of identify
 x - a scroll of fear
 C - a scroll of enchant weapon
Potions
 d - a potion of might
 e - 4 potions of curing
 g - 4 potions of haste
 h - 3 potions of attraction
 j - 3 potions of flight
 n - 2 potions of ambrosia
 p - 2 potions of heal wounds
 q - 2 potions of brilliance
 r - 2 potions of degeneration
 u - a potion of lignification {unknown}
 z - 2 potions of resistance
 A - a potion of berserk rage {unknown}
 B - 2 potions of invisibility {unknown}
 D - a potion of mutation {unknown}
 E - a potion of magic {unknown}


   Skills:
 + Level 7.0 Fighting
 + Level 11.1 Axes
 + Level 7.2 Armour
 + Level 3.2 Dodging
 + Level 1.1 Stealth
 + Level 7.2 Shields


You had 9 spell levels left.
You didn't know any spells.
Your spell library contained the following spells:

 Spells                   Type           Power      Damage    Failure   Level
 Kiss of Death            Conj/Necr      0%         2d5       73%         1
 Summon Small Mammal      Summ           0%         N/A       73%         1
 Lesser Beckoning         Tloc           0%         N/A       86%         2
 Momentum Strike          Conj/Tloc      0%         3d8       86%         2
 Call Canine Familiar     Summ           0%         N/A       97%         3
 Confusing Touch          Hex            0%         N/A       97%         3
 Summon Guardian Golem    Hex/Summ       0%         N/A       97%         3
 Dispel Undead            Necr           0%         3d6       100%        4
 Blink                    Tloc           Unusable   N/A       N/A         2

Dungeon Overview and Level Annotations

Branches:
Dungeon (7/15)             Temple (0/1) D:6         Ossuary (visited)

Altars:
Makhleb
Ru
Uskayaw
Yredelemnul

Shops:
D:1 =?=

Annotations:
D:4 3 runed translucent doors, fitz's ghost, amateur BaHu


Innate Abilities, Weirdness & Mutations

You cannot be hasted, slowed, berserked, paralysed or teleported.
You can dig through walls and to a lower floor.
You have a pair of large antennae on your head. (SInv)
Your four strong arms can wield two-handed weapons with a shield.


Message History

The skeletal warrior hits you but does no damage.
The skeletal warrior closely misses you.
Your Fighting skill increases to level 7!
You slice the skeletal warrior!!
The skeletal warrior is almost destroyed.
You hit the skeletal warrior but do no damage.
You slash the gnoll!
You kill the gnoll!
The gnoll barely misses you.
The skeletal warrior closely misses you.
The skeletal warrior hits you with a +2 dire flail of protection!!
You completely miss the skeletal warrior.
The skeletal warrior is almost destroyed.
You slash the skeletal warrior!
You hit the skeletal warrior but do no damage.
You block the gnoll's attack.
The skeletal warrior hits you with a +0 dire flail!
* * * LOW HITPOINT WARNING * * *
The skeletal warrior barely misses you.
The skeletal warrior hits you with a +2 dire flail of protection!
* * * LOW HITPOINT WARNING * * *
You feel much better. The gnoll misses you.
The skeletal warrior hits you with a +0 dire flail!
The skeletal warrior hits you but does no damage.
The skeletal warrior hits you with a +2 dire flail of protection!!
* * * LOW HITPOINT WARNING * * *
Unknown command.
Unknown command.
You feel much better. You block the gnoll's attack.
The skeletal warrior hits you but does no damage.
You block the skeletal warrior's attack.
The skeletal warrior misses you.
The orc priest casts a cantrip, but nothing happens.
You feel protected. The gnoll barely misses you.
The skeletal warrior hits you with a +0 dire flail!
* * * LOW HITPOINT WARNING * * *
The skeletal warrior closely misses you.
The skeletal warrior hits you with a +2 dire flail of protection!!
You die...

..... ......
...... ......
......# ##.
.....gY ...
.....oz## #.#
.....oz@###...
.....o#z..#.#
##### ###...#
######...#.....
####......#.#
....
###....######...
.. #...####
#.... #.###
......
#######.####
#......


You could see 3 skeletal warriors, an orc warrior, a sky beast (invisible), an
orc priest, a gnoll and an orc.

Vanquished Creatures
  Pikel (D:4)
  Grinder (D:3)
  Prince Ribbit (D:6)
  Edmund (D:5)
  A water moccasin (D:5)
  Pargi (D:3)
  2 ice beasts
  6 ogres
  A centaur (D:5)
  An elf zombie (D:6)
  A bullfrog (D:7)
  4 elf skeletons (D:6)
  2 wyvern zombies (Ossuary)
  4 scorpions
  5 wights (D:7)
  3 centaur zombies (Ossuary)
  A hound (D:6)
  4 bullfrog zombies (Ossuary)
  3 human zombies (D:6)
  Crazy Yiuf (D:2)
  3 orc priests
  2 jellies
  14 mummies (Ossuary)
  Terence (D:2)
  8 iguanas
  3 orc wizards
  Natasha (twice) (D:3)
  A human skeleton (D:6)
  2 killer bee zombies (Ossuary)
  A howler monkey zombie (Ossuary)
  7 gnolls
  9 adders
  A river rat (D:3)
  3 white imps (D:6)
  2 ufetubi
  4 worms
  A dart slug (D:1)
  18 orcs
  7 ball pythons
  4 endoplasms
  6 giant cockroaches
  7 goblins
  6 hobgoblins
  3 jackals (D:1)
  8 kobolds
  4 quokkas
  8 bats
  3 frilled lizards
  An orc skeleton (D:6)
  An orc zombie (D:6)
  7 rats
191 creatures vanquished.

Notes
Turn   | Place    | Note
-------+----------+-------------------------------------------
     0 | D:1      | lonewolfV2 the Formicid Fighter began the quest for the
                  | Orb.
     0 | D:1      | Reached XP level 1. HP: 18/18 MP: 1/1
     4 | D:1      | Found Wybefoll's Jewellery Shoppe.
    72 | D:1      | Found Vurial's Magic Scroll Shop.
   194 | D:1      | Found Vutugeot's Jewellery Shop.
   208 | D:1      | Reached XP level 2. HP: 21/24 MP: 2/2
   609 | D:1      | Reached XP level 3. HP: 16/30 MP: 3/3
  1138 | D:2      | Noticed Terence
  1149 | D:2      | Killed Terence
  1150 | D:2      | Reached XP level 4. HP: 18/37 MP: 4/4
  1335 | D:2      | Reached skill level 3 in Axes
  1562 | D:2      | Found a faded altar of an unknown god.
  1733 | D:2      | Found a runed translucent door.
  1734 | D:2      | Noticed Crazy Yiuf
  1856 | D:2      | Killed Crazy Yiuf
  1857 | D:2      | Reached XP level 5. HP: 25/42 MP: 5/5
  2254 | D:3      | Noticed Pargi
  2418 | D:3      | Noticed Natasha
  2423 | D:3      | Killed Natasha
  2431 | D:3      | Killed Pargi
  2432 | D:3      | Reached skill level 4 in Axes
  2432 | D:3      | Reached skill level 5 in Armour
  2432 | D:3      | Reached XP level 6. HP: 47/48 MP: 6/6
  2435 | D:3      | Noticed an ogre
  2440 | D:3      | Killed an ogre
  2441 | D:3      | Reached skill level 1 in Dodging
  2794 | D:3      | Noticed Grinder
  2824 | D:3      | Killed Grinder
  2825 | D:3      | Reached skill level 5 in Axes
  2825 | D:3      | Reached skill level 5 in Shields
  2825 | D:3      | Reached XP level 7. HP: 12/55 MP: 7/7
  2891 | D:3      | Noticed Natasha
  2903 | D:3      | Killed Natasha
  3300 | D:4      | Noticed Pikel
  3319 | D:4      | Killed Pikel
  3320 | D:4      | Reached skill level 6 in Axes
  3320 | D:4      | Reached XP level 8. HP: 36/61 MP: 8/8
  3429 | D:4      | Reached skill level 5 in Fighting
  3429 | D:4      | Reached skill level 7 in Axes
  3548 | D:4      | Found a runed translucent gate.
  3555 | D:4      | Found a runed translucent gate.
  3555 | D:4      | Found a runed translucent gate.
  3555 | D:4      | Noticed fitz's ghost (amateur BaHu)
  3557 | D:4      | Noticed fitz's ghost (amateur BaHu)
  3766 | D:4      | Reached XP level 9. HP: 51/68 MP: 9/9
  3949 | D:4      | HP: 3/68 [orc wizard/puff of flame (8)]
  3953 | D:4      | Reached skill level 8 in Axes
  4570 | D:5      | Entered Level 5 of the Dungeon
  4571 | D:5      | Identified a scroll of acquirement
  4571 | D:5      | Acquired the +10 ice dragon scales of Taxy {rF- rC++ Str+6
                  | Dex-3}
  4602 | D:5      | Reached skill level 1 in Stealth
  5032 | D:5      | Reached skill level 9 in Axes
  5042 | D:5      | Noticed Edmund
  5069 | D:5      | Killed Edmund
  5783 | D:6      | Found a basalt altar of Yredelemnul.
  5901 | D:6      | Reached skill level 10 in Axes
  5901 | D:6      | Reached XP level 10. HP: 74/76 MP: 10/10
  5972 | D:6      | Found a sand-covered staircase.
  5977 | Ossuary  | Entered an ossuary
  6472 | D:6      | Noticed Prince Ribbit
  6484 | D:6      | Killed Prince Ribbit
  6485 | D:6      | Reached skill level 11 in Axes
  6569 | D:6      | Found a staircase to the Ecumenical Temple.
  6607 | D:6      | Found a burning altar of Makhleb.
  6611 | D:6      | Found a hide-covered altar of Uskayaw.
  6612 | D:6      | Found a sacrificial altar of Ru.
  6970 | D:7      | Noticed a skeletal warrior
  6970 | D:7      | Noticed a skeletal warrior
  6970 | D:7      | Noticed a skeletal warrior
  6983 | D:7      | HP: 1/79 [skeletal warrior/+2 dire flail of protection
                  | (25)]
  6985 | D:7      | Mangled by a skeletal warrior

Illustrated notes

Levels and vault maps discovered:
D:1:      eino_arrival_druids_welcome, layout_loops_ring, serial_shops,
          nicolae_square_shop, nicolae_square_shop, shop_fountains
D:2:      layout_loops_ring, ebering_ecumenical_altar_abandoned,
          serial_park_tiny_pond, kennysheep_nondescript, uniq_terence,
          uniq_crazy_yiuf_cottage
D:3:      layout_loops_cross, portal_sewer_entry_c,
          minmay_fractal_squares_diagonal_5, uniq_natasha, uniq_pargi,
          uniq_grinder
D:4:      layout_gridville, gammafunk_ghost_cemetery, uniq_pikel
D:5:      layout_rooms, uniq_edmund
D:6:      layout_rooms, gammafunk_temple_overflow_forgotten,
          mainiacjoe_overflow_tiny_flanked, temple_statues,
          nicolae_ossuary_entry_catacombs, st_stairs_2, uniq_prince_ribbit1
D:7:      layout_rooms

Skill      XL: |  1  2  3  4  5  6  7  8  9 10 |
---------------+-------------------------------+-----
Armour         | 4 5 6 7 |  7.2
Axes           | 3 4 5 6 7 10 11 | 11.1
Fighting       | 4 5 6 7 |  7.0
Dodging        | 1 2 3 |  3.2
Shields        | 5 6 7 |  7.2
Stealth        | 1 |  1.1

Action                     |  1- 3 |  4- 6 |  7- 9 | 10-12 || total
---------------------------+-------+-------+-------+-------++-------
  Melee: War axe           |    97 |    71 |   242 |   244 ||   654
Ability: Dig               |       |       |     1 |       ||     1
    Use: Scroll            |       |     7 |    10 |     4 ||    21
         Potion            |       |     2 |     1 |     4 ||     7
 Armour: Scale mail        |    60 |    35 |    18 |       ||   113
         Ice dragon scales |       |       |    65 |    77 ||   142
  Dodge: Dodged            |    57 |    78 |   220 |   148 ||   503
  Block: Buckler           |    27 |    34 |    69 |    58 ||   188
